 Dungeon Crawl Stone Soup version 0.23.2-33-g5129a83184 (webtiles) character file.

Game seed: 7104046789697922782

76 ANON1729 the Skirmisher (level 4, -4/35 HPs)
             Began as a Demonspawn Monk on Aug 11, 2019.
             Slain by Grinder (6 damage)
             ... on level 3 of the Dungeon.
             The game lasted 00:02:51 (1776 turns).

ANON1729 the Skirmisher (Demonspawn Monk)           Turns: 1776, Time: 00:02:51

Health: -4/35      AC:  5    Str: 11    XL:     4   Next: 12%
Magic:  4/4        EV: 14    Int: 12    God:
Gold:   48         SH:  0    Dex: 18    Spells: 3/3 levels left

rFire    . . .     SeeInvis .   h - +0 quarterstaff
rCold    . . .     Gourm    .   (shield currently unavailable)
rNeg     . . .     Faith    .   b - +0 robe
rPois    .         Spirit   .   (no helmet)
rElec    .         Reflect  .   (no cloak)
rCorr    .         Harm     .   (no gloves)
MR       .....                  f - +2 pair of boots {Stlth+}
Stlth    ++++......             (no amulet)
HPRegen  0.11/turn              (no ring)
MPRegen  0.09/turn              (no ring)

@: about to teleport
A: hooves 1, thin skeletal structure 1, powered by pain 1
a: no special abilities


You were on level 3 of the Dungeon.
You were not hungry.

You visited 1 branch of the dungeon, and saw 3 of its levels.

You collected 48 gold pieces.

Inventory:

Hand Weapons
 a - a +0 spear
 h - a +0 quarterstaff (weapon)
Armour
 b - a +0 robe (worn)
 f - a +2 pair of boots of stealth (worn)
Jewellery
 j - a +2 ring of intelligence {unknown}
Scrolls
 d - 3 scrolls of fog
 e - 2 scrolls of identify
 g - a scroll of teleportation
 k - a scroll of blinking {unknown}
 l - a scroll of random uselessness {unknown}
 n - a scroll of enchant armour {unknown}
Potions
 i - 2 potions of curing {unknown}
 m - a potion of magic {unknown}
Comestibles
 c - 3 rations


   Skills:
 * Level 3.5 Fighting
 - Level 3.2 Polearms
 * Level 0.2(2.0) Staves
 + Level 3.2 Dodging
 + Level 2.6 Stealth


You had 3 spell levels left.
You didn't know any spells.
Your spell library was empty.

Dungeon Overview and Level Annotations

Branches:
Dungeon (3/15)

Altars:
Ashenzari
Vehumet

Annotations:
D:3 Grinder


Innate Abilities, Weirdness & Mutations

You have large cloven feet.
You have a somewhat thin skeletal structure. (Dex +2, Stealth)
You sometimes gain a little power by taking damage.


Message History

Grinder comes into view.
Found a stone staircase leading down.
Grinder shouts!
You aren't carrying any items that you can evoke without wielding.
As you read the scroll labeled CUGION SOKI, it crumbles to dust.
The scroll dissolves into smoke.
It was a scroll of fog.
As you read the scroll labeled AXUH MEYFIDD, it crumbles to dust.
It is a scroll of identify.
g - 2 scrolls of teleportation The orc hits you with a +0 hand axe.
* * * LOW HITPOINT WARNING * * *
Grinder hits you.
* * * LOW HITPOINT WARNING * * *
You writhe in agony.
* * * LOW HITPOINT WARNING * * *
As you read the scroll of teleportation, it crumbles to dust.
You feel strangely unstable. The orc hits you with a +0 hand axe.
* * * LOW HITPOINT WARNING * * *
Grinder hits you.
You die...

#.......# .
####.####
#.# #.#
##########.#
#....[.....#
#§##########
..######o#
..>..§5@§#
##########


You could see Grinder and an orc.

Vanquished Creatures
  2 adders (D:2)
  An ooze (D:2)
  A worm (D:2)
  A dart slug (D:1)
  A leopard gecko (D:2)
  3 orcs (D:3)
  2 giant cockroaches (D:1)
  4 goblins
  3 hobgoblins
  10 jackals
  2 quokkas
  3 bats
  4 frilled lizards (D:2)
  3 kobolds (D:2)
  2 rats
42 creatures vanquished.

Notes
Turn   | Place    | Note
-------+----------+-------------------------------------------
     0 | D:1      | ANON1729 the Demonspawn Monk began the quest for the Orb.
     0 | D:1      | Reached XP level 1. HP: 18/18 MP: 1/1
   175 | D:1      | Gained mutation: You have large cloven feet. [demonic
                  | ancestry]
   175 | D:1      | Reached XP level 2. HP: 21/24 MP: 2/2
  1063 | D:2      | Gained mutation: You have a somewhat thin skeletal
                  | structure. (Dex +2, Stealth) [demonic ancestry]
  1063 | D:2      | Reached XP level 3. HP: 25/29 MP: 3/3
  1471 | D:2      | Found a radiant altar of Vehumet.
  1666 | D:3      | Gained mutation: You sometimes gain a little power by
                  | taking damage. [demonic ancestry]
  1666 | D:3      | Reached XP level 4. HP: 35/35 MP: 4/4
  1705 | D:3      | Found a shattered altar of Ashenzari.
  1772 | D:3      | Noticed Grinder
  1776 | D:3      | Slain by Grinder

Skill      XL: |  1  2 |
---------------+-------+-----
Stealth        | 2 |  2.6
Polearms       | 3 |  3.2
Dodging        | 3 |  3.2
Fighting       | |  3.5
Staves         | |  0.2

Action                   |  1- 3 |  4- 6 || total
-------------------------+-------+-------++-------
Melee: Spear             |   171 |       ||   171
       Quarterstaff      |     1 |    22 ||    23
  Use: Scroll            |       |     3 ||     3
 Stab: Sleeping          |     8 |     2 ||    10
       Distracted        |     1 |       ||     1
  Eat: Chunk             |     2 |     1 ||     3
Armor: Robe              |    45 |     4 ||    49
Dodge: Dodged            |    85 |    12 ||    97
